 Dungeon Crawl Stone Soup version 0.22-a0-880-gb7b0c8b (webtiles) character file.

51 Kuinu the Grasshopper (level 3, 0/31 HPs)
             Began as a Draconian Warper on July 30, 2018.
             Slain by a gnoll
             ... wielding a +0 halberd
              (11 damage)
             ... on level 2 of the Dungeon.
             The game lasted 00:03:38 (2015 turns).

Kuinu the Grasshopper (Draconian Warper)            Turns: 2015, Time: 00:03:39

Health: 0/31       AC:  5    Str: 14    XL:     3   Next: 58%
Magic:  4/6        EV: 12    Int: 13    God:
Gold:   93         SH:  0    Dex: 10    Spells: 2/6 levels left

rFire    . . .     SeeInvis .   a - +0 falchion
rCold    . . .     Gourm    .   (no shield)
rNeg     . . .     Faith    .   (armour unavailable)
rPois    .         Spirit   .   (helmet restricted)
rElec    .         Reflect  .   (no cloak)
rCorr    .         Harm     .   (no gloves)
MR       .....                  (no boots)
Stlth    +.........             (no amulet)
HPRegen  0.10/turn              (no ring)
MPRegen  0.10/turn              (no ring)

@: slowed, very slow
A: unfitting armour, cold-blooded, AC +5
a: no special abilities


You were on level 2 of the Dungeon.
You were hungry.

You visited 1 branch of the dungeon, and saw 2 of its levels.

You collected 93 gold pieces.

Inventory:

Hand Weapons
 a - a +0 falchion (weapon)
Missiles
 d - 5 tomahawks of dispersal (quivered)
Scrolls
 c - a scroll of blinking
 e - 2 scrolls of remove curse
 h - a scroll of teleportation
 k - a scroll of fog {unknown}
Potions
 b - a potion of flight {unknown}
 g - a potion of resistance {unknown}
 i - a potion of curing {unknown}
 j - a potion of haste {unknown}
Comestibles
 f - a ration


   Skills:
 * Level 3.0 Fighting
 * Level 2.5 Long Blades
 - Level 0.8 Throwing
 + Level 2.4 Dodging
 + Level 2.3 Spellcasting
 * Level 3.3 Translocations


You had 2 spell levels left.
You knew the following spells:

 Your Spells              Type           Power        Failure   Level  Hunger
a - Shroud of Golubria    Chrm/Tloc      #.........   19%         2    ###....
b - Blink                 Tloc           N/A          10%         2    ###....

Your spell library contained the following spells:

 Spells                   Type           Power        Failure   Level  Hunger
 Teleport Other           Tloc           ##......     19%         3    ###....
 Passage of Golubria      Tloc           N/A          52%         4    #####..
 Gell's Gravitas          Tloc           ##........   19%         3    ###....
 Lesser Beckoning         Tloc           ##........   19%         3    ###....


Dungeon Overview and Level Annotations

Branches:
Dungeon (2/15)

Altars:
The Shining One


Innate Abilities, Weirdness & Mutations

Your plain brown scales are hard. (AC +5)
You cannot fit into any form of body armour.
You are cold-blooded and may be slowed by cold attacks.


Message History

No target in view!
A gnoll comes into view. It is wielding a flail.
The gnoll shouts!
A gnoll comes into view. It is wielding a halberd.
Found a ration.
A gnoll comes into view. It is wielding a halberd of freezing.
The gnoll shouts! x2
A bat comes into view.
The gnoll barely misses you. The gnoll closely misses you.
A worm comes into view.
You barely miss the gnoll. The gnoll closely misses you.
The gnoll hits you from afar with a halberd of freezing!
You feel yourself slow down. The gnoll freezes you.
The gnoll hits you with a flail!
You are too injured to fight recklessly!
You are too injured to fight recklessly!
Casting: Shroud of Golubria (safe; 19% risk of failure)
Confirm with . or Enter, or press ? or * to list all spells.
You blink.
The gnoll hits you with a halberd!
You die...

....................#
....######....##....#
.....# #....##....#
##...#
#....##....#### #...#
#....##.........
#...#
#######ยง##......
#...#
.......g.#.....%
#####
.....g.g.#######
...b...@.#
...........#
####.......#
.w.......#
......#.####
......#.# ......#.#
#######..


You could see a worm, 3 gnolls and a bat.

Vanquished Creatures
  An adder (D:2)
  3 leopard geckos
  A ball python (D:1)
  2 giant cockroaches (D:1)
  2 goblins
  6 hobgoblins (D:1)
  6 kobolds
  7 bats
  3 frilled lizards
  5 rats
36 creatures vanquished.

Notes
Turn   | Place    | Note
-------+----------+-------------------------------------------
     0 | D:1      | Kuinu the Draconian Warper began the quest for the Orb.
     0 | D:1      | Reached XP level 1. HP: 17/17 MP: 3/3
    98 | D:1      | Reached XP level 2. HP: 22/25 MP: 5/5
   113 | D:1      | Learned a level 2 spell: Shroud of Golubria
   116 | D:1      | Learned a level 2 spell: Blink
   694 | D:1      | Reached XP level 3. HP: 20/30 MP: 6/6
  1950 | D:2      | Found a glowing golden altar of the Shining One.
  2015 | D:2      | Slain by a gnoll

Vault maps used:
D:1:      evilmike_arrival_hilbert_curve
D:2:      overflow_temple_1_default

Skill      XL: |  1  2  3 |
---------------+----------+-----
Fighting       | 3 |  3.0
Long Blades    | |  2.5
Throwing       | |  0.8
Dodging        | |  2.4
Spellcasting   | |  2.3
Translocations | |  3.3

Action                   || total
-------------------------++-------
Melee: Falchion          ||   110
       Tailslap          ||     7
 Cast: Blink             ||     1
       Shroud of Golubri ||     1
  Use: Scroll            ||     2
  Eat: Chunk             ||     3
Armor: Skin              ||    36
Dodge: Dodged            ||    80
       Rpst.: Falchion   ||    31

Table legend:
 A = Spawn XP
 B = Non-spawn XP
 C = Spawn XP percentage of total XP
 D = Spawn monster count
 E = Non-spawn monster count
 F = Spawn count percentage of total count
 G = Total turns spent on level
                    A         B        C        D         E        F      G
               +---------+---------+-------+---------+---------+-------+---------
         Total |       0 |      74 |   0.0 |       0 |      36 |   0.0 |  2015
               +---------+---------+-------+---------+---------+-------+---------
           D:1 |       0 |      48 |   0.0 |       0 |      28 |   0.0 |  1260
           D:2 |       0 |      26 |   0.0 |       0 |       8 |   0.0 |   755
               +---------+---------+-------+---------+---------+-------+---------
